 Dungeon Crawl Stone Soup version 0.19-a0-1035-gdbfb0c6 (webtiles) character file.

280 Gagarin the Skirmisher (level 6, -10/66 HPs)
             Began as an Ogre Berserker on July 29, 2016.
             Was a Priest of Trog.
             Mangled by Menkaure (22 damage)
             ... on level 4 of the Dungeon.
             The game lasted 00:06:40 (3279 turns).

Gagarin the Skirmisher (Ogre Berserker)             Turns: 3279, Time: 00:06:41

Health: -10/66     AC:  3    Str: 23    XL:     6   Next: 27%
Magic:  6/6        EV: 11    Int:  6    God:    Trog [***...]
Gold:   238        SH:  0    Dex: 11    Spells: 0 memorised, 5 levels left

rFire  . . .     SeeInvis .     a - +0 mace
rCold  . . .     Gourm    .     b - +0 animal skin
rNeg   . . .     Faith    .     (no shield)
rPois  .         Spirit   .     (helmet restricted)
rElec  .         Dismiss  .     (no cloak)
rCorr  .         Reflect  .     (gloves unavailable)
SustAt .         Harm     .     (boots unavailable)
MR     .....                    (no amulet)
Stlth  +.........               (no ring)
                                (no ring)

@: not resistant to hostile enchantments, very unstealthy
A: unfitting armour, tough skin 1
a: Berserk, Trog's Hand, Burn Spellbooks, Renounce Religion


You were on level 4 of the Dungeon.
You worshipped Trog.
Trog was most pleased with you.
You were very hungry.

You visited 1 branch of the dungeon, and saw 4 of its levels.

You collected 238 gold pieces.

Inventory:

Hand Weapons
 a - a +0 mace (weapon)
 z - a +0 flail
Missiles
 k - 80 stones (quivered)
 m - 17 poisoned needles
Armour
 b - a +0 animal skin (worn)
Jewellery
 q - an uncursed amulet of dismissal {unknown}
Wands
 y - a wand of disintegration (18/24)
Scrolls
 f - a scroll of magic mapping {unknown}
 g - 5 scrolls of teleportation {unknown}
 l - a scroll of immolation {unknown}
 n - 3 scrolls of remove curse {unknown}
 p - a scroll of random uselessness {unknown}
 s - a scroll of identify {unknown}
 A - a scroll of fear {unknown}
Potions
 d - a potion of might {unknown}
 e - a potion of magic {unknown}
 h - a potion of invisibility {unknown}
 i - a potion of cancellation {unknown}
 r - 2 potions of heal wounds {unknown}
 t - a potion of lignification {unknown}
 v - a potion of curing {unknown}
 w - a potion of berserk rage {unknown}
Comestibles
 c - 2 bread rations
 j - a beef jerky
 o - 5 fruits
 x - 2 meat rations


   Skills:
 + Level 5.6 Fighting
 + Level 5.4 Maces & Flails
 + Level 0.2 Throwing
 + Level 4.7 Dodging
 + Level 1.0 Stealth


You had 5 spell levels left.
You didn't know any spells.

Dungeon Overview and Level Annotations

Branches:
Dungeon (4/15)
 Temple: D:4-7

Altars:
Ru
Yredelemnul

Annotations:
D:4 Menkaure


Innate Abilities, Weirdness & Mutations

You are too large for most types of armour.
You have tough skin. (AC +1)


Message History

You're too hungry to go berserk.
Menkaure gestures at you while chanting.
Pain shoots through your body!
You hit Menkaure.
Menkaure is lightly damaged.
Menkaure hits you.
You barely miss Menkaure.
Menkaure is lightly damaged.
Menkaure hits you. Menkaure closely misses you.
You hit Menkaure but do no damage.
Menkaure is lightly damaged.
Menkaure hits you!
* * * LOW HITPOINT WARNING * * *
You barely miss Menkaure.
Menkaure is lightly damaged.
Menkaure barely misses you.
You thump Menkaure!
Menkaure is heavily damaged.
Menkaure hits you!!
You die...

#.##.......##.#####
#.###########.# #.#
#.# #+# #.# ###.#
#...# ##.### .##
####...######.....
+......s..@MS.....
####...#.####.####
#...#.# #.#.#s#
#...... ###.### #.#
#.


You could see Menkaure, an adder and a giant cockroach.

Vanquished Creatures
  An iguana (D:4)
  Jessica (D:3)
  A worker ant (D:4)
  Natasha (twice) (D:2)
  6 adders
  4 dart slugs
  4 worms
  A giant gecko (D:3)
  4 orcs (D:3)
  10 bats
  6 giant cockroaches
  2 gnoll zombies (D:2)
  6 goblins
  10 hobgoblins
  A quokka (D:3)
  A ball python (D:1)
  3 giant newts
  9 kobolds
  7 rats
79 creatures vanquished.

Notes
Turn   | Place    | Note
-------+----------+-------------------------------------------
     0 | D:1      | Gagarin the Ogre Berserker began the quest for the Orb.
     0 | D:1      | Reached XP level 1. HP: 24/24 MP: 1/1
   167 | D:1      | Reached XP level 2. HP: 30/32 MP: 2/2
   586 | D:1      | Reached ** piety under Trog
   806 | D:2      | Reached XP level 3. HP: 27/40 MP: 3/3
  1106 | D:2      | Reached XP level 4. HP: 49/49 MP: 4/4
  1394 | D:2      | Noticed Natasha
  1407 | D:2      | Killed Natasha
  1580 | D:2      | Noticed Natasha
  1588 | D:2      | Killed Natasha
  1588 | D:2      | Reached skill level 5 in Fighting
  1588 | D:2      | Reached XP level 5. HP: 34/57 MP: 5/5
  1831 | D:2      | Reached skill level 5 in Maces & Flails
  1835 | D:2      | Found a basalt altar of Yredelemnul.
  1927 | D:3      | Noticed Jessica
  1933 | D:3      | Killed Jessica
  2290 | D:3      | Reached *** piety under Trog
  2478 | D:3      | Found a sacrificial altar of Ru.
  2909 | D:3      | Reached XP level 6. HP: 66/66 MP: 6/6
  3182 | D:4      | Reached skill level 1 in Stealth
  3269 | D:4      | Noticed Menkaure
  3279 | D:4      | Mangled by Menkaure

Vault maps used:
D:1:      dpeg_arrival_shrine
D:2:      lemuel_zombie_altar_yredelemnul, uniq_natasha
D:3:      nicolae_ru_the_path_less_chosen, first_bread, uniq_jessica
D:4:      nicolae_overflow_hidden_temple, grunt_temple_overflow_open, tso_altar,
          uniq_robin, uniq_menkaure

Skill      XL: |  1  2  3  4  5  6 |
---------------+-------------------+-----
Dodging        | 3 4 |  4.7
Fighting       | 5 |  5.6
Maces & Flails | 5 |  5.4
Stealth        | 1 |  1.0
Throwing       | |  0.2

Action                   |  1- 3 |  4- 6 || total
-------------------------+-------+-------++-------
Melee: Mace              |    83 |   214 ||   297
Throw: Stone             |    15 |     9 ||    24
Invok: Berserk           |     4 |     1 ||     5
 Stab: Sleeping          |       |     1 ||     1
  Eat: Chunk             |     4 |     8 ||    12
Armor: Animal skin       |    28 |    53 ||    81
Dodge: Dodged            |    55 |   140 ||   195
